 Dungeon Crawl Stone Soup version 0.20.1-1-g8b1a95d (webtiles) character file.

3365 Gremour the Archer (level 9, -5/70 HPs)
             Began as a Minotaur Hunter on Nov 6, 2017.
             Was a Believer of Okawaru.
             Slain by a yak (9 damage)
             ... on level 8 of the Dungeon on Nov 7, 2017.
             The game lasted 00:53:37 (7068 turns).

Gremour the Archer (Minotaur Hunter)                Turns: 7068, Time: 00:53:38

Health: -5/70      AC: 12    Str: 17    XL:     9   Next: 73%
Magic:  9/9        EV: 11    Int:  8    God:    Okawaru [**....]
Gold:   347        SH:  0    Dex: 14    Spells: 8/8 levels left

rFire    + . .     SeeInvis .   b - +0 flail (venom)
rCold    . . .     Gourm    .   (no shield)
rNeg     + + .     Faith    .   r - +2 ring mail {rF+}
rPois    .         Spirit   .   (helmet restricted)
rElec    +         Reflect  .   H - +0 cloak
rCorr    .         Harm     .   q - +0 pair of gloves
MR       +....                  G - +2 pair of boots
Stlth    ++........             M - amulet "Naod" {RegenMP *Drain rElec rN++ Stlth+}
Regen    0.3/turn               D - ring of protection from magic
MPRegen  0.2/turn               (no ring)

@: no status effects
A: retaliatory headbutt, horns 2
a: Heroism, Renounce Religion


You were on level 8 of the Dungeon.
You worshipped Okawaru.
Okawaru was pleased with you.
You were not hungry.

You visited 2 branches of the dungeon, and saw 9 of its levels.
You also visited: Ossuary.

You collected 347 gold pieces.

Inventory:

Hand Weapons
 a - a +2 shortbow
 b - a +0 flail of venom (weapon)
 w - a +0 short sword
Missiles
 d - 38 arrows
 s - 78 bolts
 v - 4 javelins of penetration (quivered)
 E - 6 poisoned needles
Armour
 q - a +0 pair of gloves (worn)
 r - a +2 ring mail of fire resistance (worn)
 G - a +2 pair of boots (worn)
 H - a +0 cloak (worn)
Jewellery
 t - a +3 amulet of reflection
 y - an uncursed ring of fire
 D - a ring of protection from magic (left hand)
 M - the amulet "Naod" (around neck) {RegenMP *Drain rElec rN++ Stlth+}
   (You found it in an ossuary)

   [amulet of magic regeneration]

   It increases your magic regeneration.
   It insulates you from electricity.
   It greatly protects you from negative energy.
   It causes draining when unequipped.
   It makes you more stealthy.
Wands
 k - a wand of digging (24/24)
 I - a wand of confusion (12/48)
 O - a wand of confusion (10/48)
 Q - a wand of random effects (28/48)
 U - a wand of iceblast (7/15)
Scrolls
 c - a scroll of recharging
 h - 5 scrolls of teleportation
 i - 9 scrolls of identify
 l - 3 scrolls of amnesia
 o - 2 scrolls of enchant weapon
 u - 2 scrolls of fear {unknown}
 x - a scroll of immolation
 F - 6 scrolls of remove curse
 L - a scroll of fog {unknown}
 T - a scroll of blinking
Potions
 e - 5 potions of heal wounds {unknown}
 j - a potion of cancellation {unknown}
 m - 6 potions of curing {unknown}
 z - 2 potions of agility {unknown}
 A - a potion of invisibility {unknown}
 B - 2 potions of might {unknown}
 C - 3 potions of resistance {unknown}
 J - 2 potions of lignification {unknown}
 K - a potion of magic {unknown}
 P - 2 potions of flight {unknown}
 R - 2 potions of ambrosia {unknown}
 S - a potion of mutation {unknown}
Books
 n - a book of Changes

   Spells                             Type                      Level
   a - Beastly Appendage              Transmutation                1
   b - Sticks to Snakes               Transmutation                2
   c - Spider Form                    Transmutation/Poison         3
   d - Ice Form                       Ice/Transmutation            4
   e - Blade Hands                    Transmutation                5
 N - a book of Debilitation

   Spells                             Type                      Level
   a - Corona                         Hexes                        1
   b - Slow                           Hexes                        2
   c - Inner Flame                    Hexes/Fire                   3
   d - Portal Projectile              Hexes/Translocation          3
   e - Cause Fear                     Hexes                        4
   f - Leda's Liquefaction            Hexes/Earth                  4
Comestibles
 f - 4 bread rations
 g - 2 royal jellies
 p - 2 meat rations


   Skills:
 + Level 3.5 Fighting
 - Level 1.0 Maces & Flails
 - Level 14.5 Bows
 + Level 1.2 Armour
 + Level 2.4 Dodging
 + Level 0.7 Stealth
 * Level 1.6 Invocations


You had 8 spell levels left.
You didn't know any spells.

Dungeon Overview and Level Annotations

Branches:
Dungeon (8/15)             Temple (1/1) D:6
   Lair: D:8-11

Altars:
Ashenzari
Cheibriados
Elyvilon
Fedhas
Gozag
Hepliaklqana
Kikubaaqudgha
Makhleb
Nemelex Xobeh
Okawaru
Qazlal
Ru
Trog
Uskayaw
Vehumet
Xom
Yredelemnul
Zin
The Shining One

Shops:
D:6 [


Innate Abilities, Weirdness & Mutations

You reflexively headbutt those who attack you in melee.
You have a pair of horns on your head.


Message History

Your +0 flail of venom begins to drip with poison!
b - a +0 flail of venom (weapon)
The hog bites you but does no damage. The yak gores you!
You closely miss the hog. Your headbutt misses the hog.
The hog is heavily wounded.
The hog bites you but does no damage. x3; The hog bites you!
* * * LOW HITPOINT WARNING * * *
The yak completely misses you. The hog barely misses you. The hog bites you!
* * * LOW HITPOINT WARNING * * *
The hog bites you but does no damage. The hog barely misses you.
You furiously retaliate!
You headbutt the hog. The hog bites you.
* * * LOW HITPOINT WARNING * * *
The hog bites you but does no damage. The hog closely misses you.
The hog bites you but does no damage. The yak gores you but does no damage.
The hog barely misses you. You furiously retaliate!
You headbutt the hog. The yak gores you!
You die...

#### #... #...
#...## #....#
###@#
#######.Yh#
#....##.h.#
#.......h##
#.........#
#.........#
####........##
##..((.......##
############
#((.(.()......#
#...........


You could see a yak and 3 hogs.

Vanquished Creatures
  A hippogriff (D:7)
  Sigmund (D:3)
  A wraith (Ossuary)
  A human (D:8)
  2 hungry ghosts
  Edmund (D:6)
  A water moccasin (D:5)
  2 ice beasts
  3 ogres
  3 centaurs
  An elf zombie (Ossuary)
  A bullfrog (D:7)
  A gnoll sergeant (D:5)
  4 scorpions
  2 howler monkeys (D:7)
  4 crimson imps
  6 hounds
  3 orc priests (D:5)
  An orc wizard (D:7)
  A centaur skeleton (D:5)
  5 iguanas
  Jessica (D:2)
  A bullfrog skeleton (D:5)
  6 worker ants
  A big kobold zombie (Ossuary)
  4 mummies
  3 gnolls (D:5)
  12 adders
  3 river rats (D:6)
  A shadow imp (D:7)
  2 adder skeletons (D:4)
  7 worms
  4 dart slugs
  6 leopard geckos
  15 orcs
  3 giant cockroaches
  9 goblins
  10 hobgoblins
  8 jackals
  7 kobolds
  2 quokkas
  3 ball pythons
  5 bats
  5 frilled lizards
  A hobgoblin zombie (Ossuary)
  A jackal skeleton (D:4)
  4 kobold zombies
  3 orc zombies (D:5)
  6 rats
178 creatures vanquished.

Vanquished Creatures (others)
  A hobgoblin zombie (Ossuary)
  A kobold zombie (Ossuary)
2 creatures vanquished.

Grand Total: 180 creatures vanquished

Notes
Turn   | Place    | Note
-------+----------+-------------------------------------------
     0 | D:1      | Gremour the Minotaur Hunter began the quest for the Orb.
     0 | D:1      | Reached XP level 1. HP: 18/18 MP: 0/0
   437 | D:1      | Reached XP level 2. HP: 25/25 MP: 1/1
   441 | D:1      | Reached skill level 5 in Bows
   793 | D:2      | Reached XP level 3. HP: 30/30 MP: 2/2
  1285 | D:2      | Reached skill level 6 in Bows
  1300 | D:2      | Reached XP level 4. HP: 24/37 MP: 3/3
  1566 | D:2      | Noticed Jessica
  1571 | D:2      | Killed Jessica
  1786 | D:3      | Found an opulent altar of Gozag.
  1841 | D:3      | Reached skill level 7 in Bows
  1841 | D:3      | Reached XP level 5. HP: 42/42 MP: 4/4
  2187 | D:3      | Noticed Sigmund
  2208 | D:3      | Killed Sigmund
  2208 | D:3      | Reached skill level 8 in Bows
  2208 | D:3      | Reached XP level 6. HP: 32/50 MP: 5/5
  2643 | D:4      | Noticed a hungry ghost
  2656 | D:4      | Killed a hungry ghost
  2656 | D:4      | Reached skill level 9 in Bows
  2753 | D:4      | Found a hazy altar of Hepliaklqana.
  2844 | D:4      | Reached XP level 7. HP: 55/56 MP: 6/6
  3168 | D:5      | Entered Level 5 of the Dungeon
  3391 | D:5      | Reached skill level 10 in Bows
  3717 | D:5      | Reached skill level 11 in Bows
  3717 | D:5      | Reached XP level 8. HP: 27/62 MP: 7/7
  4467 | D:6      | Found a white marble altar of Elyvilon.
  4477 | D:6      | Found an iron altar of Okawaru.
  4484 | D:6      | Noticed Edmund
  4509 | D:6      | Killed Edmund
  4509 | D:6      | Reached skill level 12 in Bows
  4524 | D:6      | Became a worshipper of Warmaster Okawaru
  4544 | D:6      | Found a staircase to the Ecumenical Temple.
  4565 | Temple   | Entered the Ecumenical Temple
  4838 | D:6      | Reached skill level 1 in Maces & Flails
  5347 | D:6      | Found Telisof's Antique Armour Shop.
  5585 | D:7      | Reached * piety under Okawaru
  5585 | D:7      | Reached skill level 13 in Bows
  5585 | D:7      | Reached XP level 9. HP: 56/68 MP: 8/8
  5840 | D:7      | Found an ancient bone altar of Kikubaaqudgha.
  5880 | D:7      | Reached ** piety under Okawaru
  5956 | D:7      | Found a sand-covered staircase.
  5963 | Ossuary  | Entered an ossuary
  6068 | Ossuary  | Reached skill level 14 in Bows
  6106 | Ossuary  | Got a bound ivory amulet
  6107 | Ossuary  | Identified the amulet "Naod" {RegenMP *Drain rElec rN++ Stlth+} (You found it in an ossuary)
  6897 | D:8      | Reached skill level 1 in Invocations
  7059 | D:8      | Reached skill level 1 in Armour
  7064 | D:8      | HP: 3/70 [hog (6)]
  7068 | D:8      | Slain by a yak

Skill      XL: |  1  2  3  4  5  6  7  8  9 |
---------------+----------------------------+-----
Bows           | 5 6 7 8 9 11 13 14 | 14.5
Maces & Flails | 1 |  1.0
Invocations    | 1 |  1.6
Fighting       | 3 |  3.5
Armour         | 1 |  1.2
Dodging        | |  2.4
Stealth        | |  0.7

Action                   |  1- 3 |  4- 6 |  7- 9 || total
-------------------------+-------+-------+-------++-------
Melee: Short sword       |    70 |    28 |       ||    98
       Headbutt          |     8 |     4 |    15 ||    27
       Flail             |       |       |    70 ||    70
 Fire: Shortbow          |    40 |    85 |   410 ||   535
  Use: Scroll            |       |     1 |    10 ||    11
  Eat: Chunk             |     1 |     3 |     4 ||     8
       Meat ration       |       |     2 |     2 ||     4
       Fruit             |       |       |     2 ||     2
Armor: Ring mail         |    33 |    31 |   147 ||   211
Dodge: Dodged            |    48 |    43 |   148 ||   239
